 Dungeon Crawl Stone Soup version 0.29.1-12-g30fa7ad0bf (webtiles) character file.

Game seed: 10097326523475040718

121 CaptainMV the Scratcher (level 4, -1/19 HPs)
             Began as a Felid Transmuter on Dec 14, 2022.
             Slain by a gnoll
             ... wielding a +0 flail
             ... led by a gnoll bouda
              (7 damage)
             ... on level 5 of the Dungeon.
             The game lasted 00:24:14 (4054 turns).

CaptainMV the Scratcher (Felid Transmuter)          Turns: 4054, Time: 00:24:15

Health: -1/19      AC:  1    Str:  6    XL:     4   Next: 76%
Magic:  6/9        EV: 18    Int: 16    God:
Gold:   209        SH:  0    Dex: 17    Spells: 5/8 levels left
                                        Lives:  0   Deaths: 1

rFire   . . .      SeeInvis +     - Unarmed
rCold   . . .      Faith    .   (shield unavailable)
rNeg    . . .      Spirit   .   (body armour unavailable)
rPois   +          Reflect  .   (helmet unavailable)
rElec   .          Harm     .   (cloak unavailable)
rCorr   .          Rampage  .   (gloves unavailable)
Will    .....                   (boots unavailable)
Stlth   ++........              (no amulet)
HPRegen 0.06/turn               e - ring of poison resistance
MPRegen 0.11/turn               (no ring)

@: appendages, wereblooded, quick
A: horns 2, very small, claws 1, fangs 3, see invisible, speed 1, shaggy fur 1,
stealthy paws, no weapons or thrown items, no armour, multi-lived
a: End Transformation


You were on level 5 of the Dungeon.
You had temporarily grown beastly horns.
You visited 1 branch of the dungeon, and saw 5 of its levels.

You collected 209 gold pieces.

Inventory:

Jewellery
 e - a ring of poison resistance (left paw)
 m - a ring of protection from cold
Scrolls
 c - a scroll of identify {unknown}
 d - 2 scrolls of teleportation {unknown}
 h - a scroll of silence {unknown}
 i - a scroll of butterflies {unknown}
 k - a scroll of enchant weapon {unknown}
 l - a scroll of amnesia {unknown}
 n - a scroll of poison {unknown}
 o - 2 scrolls of magic mapping {unknown}
 q - a scroll of enchant armour {unknown}
 r - a scroll of blinking {unknown}
Potions
 a - a potion of lignification
 b - 3 potions of brilliance {unknown}
 f - a potion of invisibility {unknown}
 g - 4 potions of curing {unknown}
 j - a potion of might {unknown}
 p - a potion of ambrosia {unknown}


   Skills:
 + Level 1.2 Fighting
 + Level 3.8 Dodging
 + Level 2.4 Stealth
 + Level 5.1 Unarmed Combat
 + Level 2.8 Spellcasting
 + Level 2.7 Transmutations


You had 5 spell levels left.
You knew the following spells:

 Your Spells              Type           Power      Damage    Failure   Level
a - Beastly Appendage     Tmut           22%        N/A       6%          1
b - Wereblood             Tmut           11%        N/A       9%          2

Your spell library contained the following spells:

 Spells                   Type           Power      Damage    Failure   Level
 Apportation              Tloc           4%         N/A       19%         1
 Necrotise                Necr           8%         1d4       19%         1
 Summon Small Mammal      Summ           8%         N/A       19%         1
 Spider Form              Tmut/Pois      6%         N/A       32%         3
 Dazzling Flash           Conj/Hex       4%         N/A       50%         3
 Ice Form                 Ice/Tmut       6%         N/A       71%         4
 Alistair's Intoxication  Tmut/Pois      4%         N/A       96%         5
 Agony                    Necr           2%         N/A       99%         5
 Borgnjor's Vile Clutch   Necr/Erth      1%         N/A       99%         5
 Silence                  Hex/Air        1%         N/A       99%         5
 Eringya's Noxious Bog    Tmut/Pois      3%         N/A       100%        6


Dungeon Overview and Level Annotations

Branches:
Dungeon (5/15)
 Temple: D:4-7

Altars:
Cheibriados
Elyvilon
Hepliaklqana
Makhleb
Wu Jian
The Shining One

Shops:
D:4 !(


Innate Abilities, Weirdness & Mutations

You have temporarily grown beastly horns.
You have sharp claws.
You have razor-sharp teeth.
You have supernaturally acute eyesight. (SInv)
You cover ground quickly. (Speed+)
You are covered in fur. (AC +1)
Your paws help you pounce on unaware monsters.
You are incapable of wielding weapons or throwing items.
You cannot wear armour.
You gain extra lives every three experience levels.


Message History

You die...
The hound misses you.
You are now level 4!
You rejoin the land of the living...
You open the door.
There is an open door here.
A necrophage comes into view.
The necrophage moves out of view. 2 gnolls come into view.
The gnoll shouts!
An orc comes into view. It is wielding a +0 club.
An orc and a gnoll come into view.
A gnoll bouda comes into view. It is wielding a +0 club.
The orc moves out of view.
You scratch the necrophage but do no damage.
The necrophage closely misses you.
You barely miss the necrophage. You claw the necrophage.
Your bite misses the necrophage.
The necrophage is lightly damaged.
The necrophage hits you!
You claw the necrophage!
The necrophage is moderately damaged.
The necrophage hits you.
The gnoll bouda shouts!
You scratch the necrophage but do no damage.
The necrophage is moderately damaged.
You hear a shout!
The necrophage closely misses you.
The gnoll bouda barks out a call to the hunt!
The gnolls pick up the pace!
There is an open door here.
The gnoll attacks as you move away! The gnoll hits you with a +0 flail.
Casting: Beastly Appendage (safe; 6% risk of failure)
Confirm with . or Enter, or press ? or * to list all spells.
Your blood is infused with primal strength.
The gnoll closely misses you. The gnoll misses you.
Casting: Wereblood (safe; 9% risk of failure)
Confirm with . or Enter, or press ? or * to list all spells.
You grow a pair of large bovine horns.
The gnoll hits you with a +0 flail!
You die...

###...........#
#..g..........#
.g.###.........#
..# ##........#
.# ##.......# #
##......###
##.....g.#
##...n#g#
#.#..#@#
#.#..#.#
...#.### ......#
.####### #.


You could see 2 gnolls.

Vanquished Creatures
  A hound (D:4)
  A jelly (D:4)
  An iguana (D:4)
  5 adders
  3 gnolls (D:4)
  5 dart slugs
  5 ball pythons
  6 bats
  5 endoplasms
  4 giant cockroaches
  9 goblins
  9 hobgoblins
  3 quokkas (D:1)
  5 frilled lizards
  2 kobolds
  6 rats
70 creatures vanquished.

Notes
Turn   | Place    | Note
-------+----------+-------------------------------------------
     0 | D:1      | CaptainMV the Felid Transmuter began the quest for the Orb.
     0 | D:1      | Reached XP level 1. HP: 9/9 MP: 4/4
   207 | D:1      | Reached XP level 2. HP: 12/12 MP: 6/6
   391 | D:1      | Learned a level 2 spell: Wereblood
   711 | D:1      | Reached XP level 3. HP: 8/15 MP: 7/7
  1377 | D:2      | Reached skill level 4 in Unarmed Combat
  1887 | D:2      | Reached skill level 1 in Stealth
  1887 | D:2      | Reached XP level 4. HP: 19/19 MP: 8/8
  2026 | D:3      | Found a snail-covered altar of Cheibriados.
  2069 | D:3      | Found a white marble altar of Elyvilon.
  2474 | D:3      | Found a hazy altar of Hepliaklqana.
  2570 | D:3      | Found a glowing golden altar of the Shining One.
  3083 | D:4      | Reached XP level 5. HP: 11/22 MP: 8/10
  3083 | D:4      | Found a burning altar of Makhleb.
  3326 | D:4      | Found Mujata's Distillery.
  3355 | D:4      | Found Dugruo's Antique Weapon Emporium.
  3369 | D:4      | Found an ornate altar of the Wu Jian Council.
  3958 | D:4      | Reached skill level 5 in Unarmed Combat
  4008 | D:5      | Entered Level 5 of the Dungeon
  4015 | D:5      | HP: 1/22 [hound (6)]
  4016 | D:5      | Slain by a hound
  4017 | D:5      | Reached XP level 4. HP: -2/19 MP: 9/9
  4023 | D:5      | Noticed a necrophage
  4054 | D:5      | Slain by a gnoll

Illustrated notes

Levels and vault maps discovered:
D:1:      evilmike_arrival_crescent, layout_basic
D:2:      layout_rooms, hex_large
D:3:      layout_basic, mainiacjoe_overflow_surrounded_room, elyvilon_altar_3,
          mainiacjoe_overflow_boulevard, nzn_hepliaklqana_mist_gate
D:4:      layout_gridville, mainiacjoe_overflow_small_starburst,
          marbit_many_paths, serial_shops, shop, shop
D:5:      layout_basic, nicolae_qazlal_scattered_showers,
          nemelex_spade_bored_becter, serial_shops,
          nicolae_shop_advertising_works [nicolae_subvault_shop_adworks],
          uniq_edmund, uniq_duvessa

Skill      XL: |  1  2  3  4  5 |
---------------+----------------+-----
Dodging        | 3 |  3.8
Unarmed Combat | 4 5 |  5.1
Stealth        | 1 2 |  2.4
Fighting       | |  1.2
Spellcasting   | |  2.8
Transmutations | |  2.7

Action                   |  1- 3 |  4- 6 || total
-------------------------+-------+-------++-------
Melee: Unarmed           |    96 |    94 ||   190
       Bite              |    10 |    11 ||    21
       Headbutt          |     2 |     1 ||     3
       Punch             |     4 |     5 ||     9
 Cast: Beastly Appendage |     2 |     2 ||     4
       Wereblood         |     2 |     3 ||     5
 Stab: Sleeping          |     4 |     4 ||     8
       Distracted        |       |     1 ||     1
Armor: Skin              |     3 |     4 ||     7
Dodge: Dodged            |    60 |    82 ||   142
